cohdb
Replays
Latest Replays
All Replays
Popular Replays
Top Player Replays
Match Explorer
How It Works
Community
CoH3 Stats
Reddit
Sign in to upload your games and track your stats! →
Sign in with Steam
Match 39640909
Unlisted
Match 39640909
Overview
Messages
Build Orders
End
Construct Section Command Post
Infantry Section
Infantry Section
Vickers Machine Gun Team
Grenade Package
Construct Field Infirmary
Infantry Section
Construct Platoon Command Post
6-pounder Anti-tank Gun Team
CMP 15cwt Truck
Infantry Section
Selects Air and Sea Battlegroup
Selects Commando Section Paradrop
Selects M1 Pack Howitzer Paradrop
Construct Company Command Post
Matilda II Heavy Tank
Commando Section Paradrop
M1 Pack Howitzer Paradrop
M1 Pack Howitzer Paradrop
Matilda II Heavy Tank
Selects Incendiary Bombing Run
Selects Supply Surplus
Selects UNKNOWN (223837)
Matilda II Heavy Tank
AI Takeover
Sauvage
pexav992
Silent Unseen
SMash [FOXES]
Skornogr4phy
ChuCky76630
Oncle-Hô
Pinnaa
0
0
Comments
sign in to comment!
No comments posted yet!